 Dungeon Crawl Stone Soup version 0.28-a0-863-g8cecda6153 (webtiles) character file.

Game seed: 2155364651713007215

98 AvatarAndi78 the Chopper (level 4, -2/61 HPs)
             Began as a Minotaur Berserker on Nov 18, 2021.
             Was a Believer of Trog.
             Slain by Sigmund (7 damage)
             ... on level 3 of the Dungeon.
             The game lasted 00:03:44 (2260 turns).

AvatarAndi78 the Chopper (Minotaur Berserker)       Turns: 2260, Time: 00:03:44

Health: -2/61      AC:  4    Str: 20 (21) XL:     4   Next: 43%
Magic:  3/3        EV: 12    Int: 10      God:    Trog [**....]
Gold:   71         SH:  0    Dex:  9 (11) Spells: 3/3 levels left

rFire   . . .      SeeInvis .   d - +4 quarterstaff (chaos)
rCold   . . .      Faith    .   (shield currently unavailable)
rNeg    . . .      Spirit   .   e - +0 leather armour
rPois   .          Reflect  .   (helmet restricted)
rElec   .          Harm     .   f - +0 cloak
rCorr   .          Rampage  .   (no gloves)
Will    .....                   (no boots)
Stlth   ..........              (no amulet)
HPRegen 0.20/turn               b - +6 ring of intelligence
MPRegen 0.08/turn               (no ring)

@: confused, berserking (expiring), very quick
A: horns 2, retaliatory headbutt
a: Renounce Religion, Berserk, Trog's Hand


You were on level 3 of the Dungeon.
You worshipped Trog.
Trog was pleased with you.
You visited 1 branch of the dungeon, and saw 3 of its levels.

You collected 71 gold pieces.

Inventory:

Hand Weapons
 d - a +4 quarterstaff of chaos (weapon)
 g - a +2 dagger of venom
Armour
 e - a +0 leather armour (worn)
 f - a +0 cloak (worn)
Jewellery
 b - a +6 ring of intelligence (left hand)
Scrolls
 a - a scroll of acquirement {unknown}
 c - a scroll of identify
 k - a scroll of summoning


   Skills:
 + Level 4.5 Fighting
 + Level 0.8 Short Blades
 + Level 4.7 Axes
 + Level 2.9 Armour
 + Level 2.9 Dodging
 + Level 0.2 Stealth


You had 3 spell levels left.
You didn't know any spells.
Your spell library was empty.

Dungeon Overview and Level Annotations

Branches:
Dungeon (3/15)

Altars:

Annotations:
D:3 Sigmund


Innate Abilities, Weirdness & Mutations

You have a pair of horns on your head.
You reflexively headbutt those who attack you in melee.


Message History

You aren't carrying any potions.
Okay, then.
An orc comes into view. It is wielding a +0 club.
Sigmund laughs darkly.
Sigmund closely misses you. You furiously retaliate!
You headbutt Sigmund. You barely miss Sigmund. Your headbutt misses Sigmund.
Sigmund is lightly wounded.
An orc priest comes into view. It is wielding a +0 flail.
An orc comes into view. It is wielding a +0 hand axe.
The orc priest shouts!
The orc shouts!
You hit Sigmund.
Sigmund is poisoned.
Sigmund is moderately wounded.
Sigmund hits you with a +0 scythe!
You hit Sigmund.
Sigmund is moderately wounded.
Sigmund hits you with a +0 scythe.
An orc wizard comes into view. It is wielding a +0 dagger.
The orc hits you with a +0 club.
The orc priest calls down the wrath of Beogh upon you.
Beogh smites you!
* * * LOW HITPOINT WARNING * * *
A red film seems to cover your vision as you go berserk!
You feel yourself moving faster!
You feel mighty!
The orc wizard shouts!
The orc hits you but does no damage. Sigmund hits you with a +0 scythe.
* * * LOW HITPOINT WARNING * * *
You barely miss Sigmund.
Sigmund is moderately wounded.
The orc closely misses you.
You closely miss Sigmund. Your headbutt misses Sigmund.
Sigmund is heavily wounded.
Sigmund points at you and mumbles some strange words.
You are confused.
The orc hits you but does no damage.
You bump into the rock wall.
An orc comes into view. It is wielding a +0 dagger.
Sigmund barely misses you. The orc misses you.
You feel a strong urge to attack something.
Sigmund hits you from afar with a +0 scythe!
You die...

#<#≈..#..##
#.###≈≈.....#
#.#..≈(.....##
#.#.#≈.......#
#.#..≈..######
#.#..≈......#
#.#.#######.# #.#.#
#.#
#.######@#.#######.#
.o.ooo@o...........#
#.####.#.#)#########
#.#.#.# ###.#.#
#.#.# #.#.# #.#.#
#.#.#


You could see Sigmund (poisoned), an orc priest, an orc wizard and 3 orcs.

Vanquished Creatures
  Crazy Yiuf (D:2)
  3 adders (D:2)
  A dart slug (D:1)
  5 endoplasms
  A giant cockroach (D:1)
  4 hobgoblins
  4 kobolds
  2 quokkas
  5 ball pythons
  2 bats (D:1)
  2 frilled lizards
  6 goblins
  A rat (D:1)
37 creatures vanquished.

Notes
Turn   | Place    | Note
-------+----------+-------------------------------------------
     0 | D:1      | AvatarAndi78 the Minotaur Berserker began the quest for the
                  | Orb.
     0 | D:1      | Reached XP level 1. HP: 19/19 MP: 0/0
   103 | D:1      | Reached XP level 2. HP: 27/27 MP: 1/1
   215 | D:1      | Found a faded altar of an unknown god.
   907 | D:1      | Reached ** piety under Trog
  1032 | D:1      | Reached XP level 3. HP: 32/33 MP: 2/2
  1674 | D:2      | Reached XP level 4. HP: 36/41 MP: 3/3
  1725 | D:2      | Found a runed translucent door.
  1726 | D:2      | Noticed Crazy Yiuf
  2067 | D:2      | Killed Crazy Yiuf
  2248 | D:3      | Noticed Sigmund
  2260 | D:3      | Slain by Sigmund

Illustrated notes

Levels and vault maps discovered:
D:1:      eino_arrival_druids_welcome, layout_loops_cross,
          shapermc_ecumenical_altar_notcrosses, minmay_domino_4
D:2:      layout_loops_cross, uniq_crazy_yiuf_cottage
D:3:      layout_basic, interstate_on_off, chequers_serial_rivers_micro_e,
          uniq_sigmund

Skill      XL: |  1  2 |
---------------+-------+-----
Axes           | 4 |  4.7
Fighting       | 4 |  4.5
Short Blades   | |  0.8
Armour         | |  2.9
Dodging        | |  2.9
Stealth        | |  0.2

Action                   |  1- 3 |  4- 6 || total
-------------------------+-------+-------++-------
Melee: Hand axe          |    28 |       ||    28
       Headbutt          |    11 |       ||    11
       Dagger            |    50 |     8 ||    58
       Quarterstaff      |       |     5 ||     5
Invok: Berserk           |       |     1 ||     1
  Use: Scroll            |     5 |       ||     5
       Potion            |     2 |       ||     2
 Stab: Invisible         |       |     1 ||     1
Armor: Animal skin       |     2 |       ||     2
       Leather armour    |    14 |     3 ||    17
Dodge: Dodged            |    47 |     7 ||    54

Table legend: (Time is in decaauts)
 A = Elapsed time spent in this place.
 B = Non-inter-level travel time spent in this place.
 C = Inter-level travel time spent in this place.
 D = Time resting spent in this place.
 E = Time spent auto-exploring this place.
 F = Levels seen in this place.
 G = Mean time per level.
                   A        B        C        D        E       F      G
               +--------+--------+--------+--------+--------+-----+--------+
         Total |   2259 |   2178 |     81 |      0 |   1926 |   3 |  753.0 |
       Dungeon |   2259 |   2178 |     81 |      0 |   1926 |   3 |  753.0 |
               +--------+--------+--------+--------+--------+-----+--------+

Top non-repeatable levels by time:
     D:1: 1126 daAuts
     D:2: 1088 daAuts
     D:3: 44 daAuts
